 Dungeon Crawl Stone Soup version 0.20.0-10-g0535bb4 (webtiles) character file.

164896 doot the Phalangite (level 17, 0/138 HPs)
             Began as a Merfolk Abyssal Knight on June 5, 2017.
             Was the Champion of Lugonu.
             Killed by vampiric draining
             ... invoked by a vampire knight
              (24 damage)
             ... while paralysed by a vampire knight
             ... on level 15 of the Dungeon.
             The game lasted 03:15:07 (51117 turns).

doot the Phalangite (Merfolk Abyssal Knight)       Turns: 51117, Time: 03:15:08

Health: 0/138      AC: 19    Str: 14    XL:     17   Next: 86%
Magic:  23/23      EV:  2    Int: 12    God:    Lugonu [******]
Gold:   2292       SH:  0    Dex: 18    Spells: 11/16 levels left

rFire    + . .     SeeInvis .   a - +2 glaive (chop)
rCold    . . .     Gourm    .   (shield currently unavailable)
rNeg     . . .     Faith    +   I - +3 ring mail {rF+}
rPois    +         Spirit   .   (helmet restricted)
rElec    .         Reflect  .   j - +0 cloak
rCorr    .         Harm     .   C - +0 pair of gloves
MR       +....                  n - +1 pair of boots
Stlth    +++.......             F - amulet of Xetsal {Faith +Inv}
Regen    0.4/turn               y - ring of poison resistance
MPRegen  0.2/turn               X - +5 ring of protection

@: paralysed
A: change form in water, swift swim, stealthy swim, antennae 2
a: Depart the Abyss, Bend Space, Banish, Corrupt, Enter the Abyss, Brand Weapon
With Distortion, Renounce Religion, Evoke Invisibility


You were on level 15 of the Dungeon.
You worshipped Lugonu.
Lugonu was exalted by your worship.
You were not hungry.

You visited 6 branches of the dungeon, and saw 29 of its levels.
You visited the Abyss 1 time.
You also visited: Labyrinth, Sewer, Ossuary, Ice Cave and Volcano.

You collected 2847 gold pieces.
You spent 555 gold pieces at shops.

Inventory:

Hand Weapons
 a - a +2 glaive of chopping (weapon)
 b - a +2 arbalest of flaming
 D - the +1 quarterstaff "Kuyromupn" {crush, Dex+4}
   (You found it on level 4 of the Lair of Beasts)

   It inflicts extra damage upon your enemies.
   It affects your dexterity (+4).
 Q - the +5 spear of Ganemoth {venom, Dex+2}
   (You found it in a labyrinth)

   It poisons the flesh of those it strikes.
   It affects your dexterity (+2).
 U - a +1 glaive of flaming
Missiles
 q - 69 bolts
Armour
 j - a +0 cloak (worn)
 n - a +1 pair of boots (worn)
 t - the +2 helmet of the Evening {rElec rC+ Int+3}
   (You found it in an ice cave)

   It affects your intelligence (+3).
   It protects you from cold.
   It insulates you from electricity.
 C - a +0 pair of gloves (worn)
 G - the +9 scale mail of Sloth {Int+2}
   (You found it on level 10 of the Dungeon)

   It affects your intelligence (+2).
 I - a +3 ring mail of fire resistance (worn)
 L - a +3 scale mail of magic resistance
 M - a +1 shield of protection
Jewellery
 g - an uncursed ring of protection from fire
 h - a +2 ring of intelligence
 l - an uncursed ring of protection from fire
 u - a +2 ring of protection
 v - an uncursed ring of positive energy
 y - a ring of poison resistance (left hand)
 F - the amulet of Xetsal (around neck) {Faith +Inv}
   (You acquired it on level 8 of the Dungeon)

   [amulet of faith]

   It allows you to gain divine favour quickly.
   It lets you turn invisible.
 J - an uncursed ring of ice
 X - a +5 ring of protection (right hand)
 Y - an uncursed ring of protection from magic
Wands
 r - a wand of clouds (3/9)
 O - a wand of acid (3/15)
 W - a wand of lightning (7/15)
Scrolls
 d - 8 scrolls of enchant armour
 e - 12 scrolls of teleportation
 i - 16 scrolls of identify
 m - 8 scrolls of immolation
 s - 8 scrolls of remove curse
 B - 6 scrolls of enchant weapon
 S - 2 scrolls of holy word
 T - 3 scrolls of fear
 Z - 5 scrolls of recharging
Potions
 f - 7 potions of curing
 k - 5 potions of resistance
 o - 4 potions of might
 w - 5 potions of agility
 z - 2 potions of mutation
 A - 3 potions of haste
 E - 2 potions of flight
 H - 3 potions of berserk rage
 R - 5 potions of lignification
Books
 K - a book of Transfigurations

   Spells                             Type                      Level
   a - Irradiate                      Conjuration/Transmutation    5
   b - Statue Form                    Transmutation/Earth          6
   c - Hydra Form                     Transmutation                6
   d - Dragon Form                    Transmutation                7
 V - a book of Ice

   Spells                             Type                      Level
   a - Ice Form                       Ice/Transmutation            4
   b - Metabolic Englaciation         Hexes/Ice                    5
   c - Ozocubu's Refrigeration        Ice                          6
   d - Bolt of Cold                   Conjuration/Ice              6
   e - Freezing Cloud                 Conjuration/Ice/Air          6
   f - Simulacrum                     Ice/Necromancy               6
Miscellaneous
 p - a box of beasts
 P - 3 phantom mirrors
Comestibles
 c - 3 bread rations
 x - 7 fruits
 N - 3 royal jellies


   Skills:
 + Level 13.7 Fighting
 * Level 23.9 Polearms
 + Level 8.0 Crossbows
 + Level 7.2 Armour
 * Level 16.8 Dodging
 + Level 7.4 Stealth
 + Level 8.7 Invocations
 + Level 8.2 Evocations


You had 11 spell levels left.
You knew the following spells:

 Your Spells              Type           Power        Failure   Level  Hunger
a - Blink                 Tloc           N/A          67%         2    ###....
b - Ozocubu's Armour      Chrm/Ice       #.......     88%         3    ####...


Dungeon Overview and Level Annotations

Branches:
Dungeon (15/15)            Temple (1/1) D:6            Lair (6/6) D:8
  Swamp (4/4) Lair:2       Spider (1/4) Lair:4        Slime (0/5) Lair:5
    Orc (2/2) D:12            Elf (0/3) Orc:2        Vaults (0/5) D:13
 Depths (0/5) D:15

Altars:
Ashenzari
Cheibriados
Dithmenos
Elyvilon
Fedhas
Gozag
Hepliaklqana
Makhleb
Nemelex Xobeh
Okawaru
Qazlal
Ru
Sif Muna
Trog
Uskayaw
Vehumet
Xom
Zin
The Shining One

Shops:
D:4 }!(   D:6 %   D:8 *   D:13 ?   Orc:1 }   Orc:2 =[*=

Annotations:
D:8 Shinoi's ghost, novice MiFi
Lair:3 exclusion: 3 oklob plants
Swamp:3 corrupted
Swamp:4 corrupted
Abyss:1 Donald; Nessos; Sonja


Innate Abilities, Weirdness & Mutations

You revert to your normal form in water.
You are very nimble and swift while swimming.
You are very stealthy in the water. (Stealth+)
You have a pair of antennae on your head.


Message History

The vampire knight misses you. The vampire knight bites you.
The vampire knight draws strength from your injuries!
You slice the vampire knight!!
The vampire knight is almost destroyed.
You hit the vampire knight but do no damage.
The vampire knight is almost destroyed.
The vampire knight points at you and mumbles some strange words.
You suddenly lose the ability to move!
The vampire knight hits you but does no damage.
The vampire knight bites you but does no damage.
The vampire knight hits you with an enchanted battleaxe!!
* * * LOW HITPOINT WARNING * * *
The vampire knight bites you but does no damage.
The vampire knight barely misses you.
The vampire knight bites you but does no damage.
The vampire knight hits you with an enchanted battleaxe!
* * * LOW HITPOINT WARNING * * *
The vampire knight completely misses you.
The vampire knight is infused with unholy energy.
You die...

##.#.#.##≈≈≈≈≈≈##......##
##'#'###########.......#
{{
#.#.#)##########......##
{ #......#(.....##...#..#
#.....#'#..#..##..###.##
#.###.)#..###.##...#...#
{#.....#+#..#..##......##
#......#......##......#
+########@#.#.##.....##
{{ ##V#+###{###.# { { {{
#.#C# #.....# { { #. ...
#.....# V. ...##.....#
'#. ##.##.#.#.# ##..
.##..#..## #. {##.#.#..#
## ##......#


You could see a vampire knight and a cyclops.

Vanquished Creatures
  Nikola (Swamp:3)
  4 thorn hunters
  2 very ugly things (Swamp:3)
  A red draconian (Volcano)
  Snorg (D:13)
  A minotaur (Lab)
  10 hydras
  5 centaur warriors
  3 ghost crabs
  Erica (Lair:1)
  2 dancing weapons (D:13)
  5 alligators
  25 two-headed ogres
  4 ogre magi (Orc:2)
  A tengu warrior (D:15)
  2 spriggan druids (Swamp:3)
  The ghost of kalagan the Covert, a novice KoSu of Vehumet (Lair:1)
  10 swamp dragons
  2 unseen horrors
  A wizard (D:12)
  2 shambling mangroves (Swamp:4)
  A wolf spider zombie (D:15)
  Pikel (D:9)
  A necromancer (IceCv)
  2 orc knights
  12 wolf spiders
  2 orc sorcerers (Orc:2)
  4 orb spiders (Spider:1)
  A deep elf mage (D:12)
  An ugly thing (D:11)
  3 manticores
  4 cyclopes
  3 black mambas
  10 elephants (Lair:6)
  4 molten gargoyles
  2 ice statues (IceCv)
  Maurice (D:13)
  Joseph (D:8)
  33 spiny frogs
  5 gargoyles
  A torpor snail (Lair:3)
  4 centaur skeletons
  5 komodo dragons
  A kobold demonologist (D:13)
  A freezing wraith (D:15)
  4 ice devils (IceCv)
  A yaktaur (Volcano)
  4 demonic crawlers (Spider:1)
  A tengu conjurer (D:15)
  11 jumping spiders (Spider:1)
  5 trolls
  10 hornets
  4 polar bears
  11 tyrant leeches
  8 bog bodies
  3 dream sheep (Lair:3)
  7 slime creatures
  6 hippogriffs
  28 blink frogs
  11 spriggans
  22 redbacks (Spider:1)
  4 wraiths
  4 wyverns
  5 fire bats
  4 shadows
  8 tarantellas
  6 basilisks
  52 yaks
  28 vampire mosquitoes
  2 hungry ghosts
  A steam dragon (D:12)
  6 wargs
  19 swamp worms
  10 insubstantial wisps
  11 water moccasins
  23 orc warriors
  9 ice beasts
  8 sky beasts
  A slave (D:9)
  14 swamp drakes
  14 porcupines
  A black bear (D:12)
  An eye of draining (D:12)
  3 phantoms
  9 centaurs
  32 ogres
  36 wolves
  9 crocodiles
  3 big kobolds
  31 bullfrogs
  2 elf zombies (Ossuary)
  A wyvern zombie (D:10)
  A water moccasin zombie (D:6)
  3 scorpions
  A wyvern skeleton (D:13)
  9 killer bees
  3 howler monkeys
  8 wights (D:14)
  6 electric eels
  6 crimson imps
  10 lava snakes
  3 centaur zombies
  A human zombie (Ossuary)
  5 jellies
  2 bullfrog zombies
  5 hounds
  14 orc priests
  A bullfrog skeleton (D:10)
  16 orc wizards
  5 iguanas
  Terence (D:3)
  10 worker ants
  7 hell rats
  A statue (D:8)
  A troll simulacrum (IceCv)
  A killer bee zombie (D:8)
  A big kobold zombie (Ossuary)
  A centaur simulacrum (IceCv)
  2 hound zombies
  A hound skeleton (D:6)
  A howler monkey zombie (D:7)
  3 mummies (Ossuary)
  2 worker ant zombies
  Robin (D:4)
  21 adders
  A gnoll (D:5)
  2 howler monkey skeletons
  A naga simulacrum (IceCv)
  10 river rats (Lair:2)
  3 shadow imps
  12 white imps (D:11)
  6 oozes
  A worm zombie (D:6)
  5 adder zombies (Ossuary)
  An adder skeleton (D:9)
  9 worms
  A dart slug (D:2)
  7 leopard geckos
  81 orcs
  12 bats
  8 giant cockroaches
  6 hobgoblins
  16 jackals
  3 quokkas
  4 ball pythons
  A ball python zombie (D:5)
  4 frilled lizards
  26 goblins
  4 goblin zombies (Ossuary)
  3 hobgoblin zombies (Ossuary)
  2 jackal zombies (Ossuary)
  24 kobolds
  5 kobold zombies (Ossuary)
  A leopard gecko skeleton (D:4)
  4 quokka zombies (Ossuary)
  25 rats
  6 rat zombies (Ossuary)
1127 creatures vanquished.

Vanquished Creatures (collateral kills)
  A hydra (Swamp:1)
  A bog body (Swamp:1)
  An insubstantial wisp (Swamp:1)
  2 swamp drakes (Swamp:1)
5 creatures vanquished.

Vanquished Creatures (others)
  Mara (Swamp:4)
  A thorn hunter (Swamp:1)
  11 hydras
  6 spriggans
  3 spriggan druids (Swamp:4)
  2 swamp dragons (Swamp:4)
  An ice statue (IceCv)
  2 spiny frogs (Swamp:4)
  6 ice devils (IceCv)
  4 hornets
  2 bog bodies (Swamp:4)
  2 slime creatures (Swamp:3)
  The ghost of doot the Poker, an amateur MfAK of Lugonu (D:3)
  6 vampire mosquitoes (Swamp:4)
  4 insubstantial wisps (Swamp:4)
  A swamp worm (Swamp:4)
  A slave (D:9)
  An orc warrior (D:7)
  2 swamp drakes (Swamp:4)
  An ogre (D:7)
  A big kobold (D:9)
  A troll simulacrum (IceCv)
  2 spriggan simulacra (IceCv)
  2 ogre simulacra (IceCv)
  2 naga simulacra (IceCv)
  2 kobolds (D:9)
  2 briar patches (Swamp:4)
  7 fungi
  48 plants
  18 starspawn tentacles (Swamp:4)
143 creatures vanquished.

Grand Total: 1275 creatures vanquished

Notes
Turn   | Place    | Note
-------+----------+-------------------------------------------
     0 | Abyss:1  | doot the Merfolk Abyssal Knight began the quest for the Orb.
     0 | Abyss:1  | Reached XP level 1. HP: 18/18 MP: 2/2
    15 | D:1      | Escaped the Abyss
   106 | D:1      | Reached XP level 2. HP: 21/24 MP: 3/3
   310 | D:1      | Reached ** piety under Lugonu
   581 | D:1      | Reached XP level 3. HP: 24/30 MP: 4/4
   739 | D:2      | Reached skill level 4 in Polearms
   925 | D:2      | Reached skill level 1 in Armour
   925 | D:2      | Reached XP level 4. HP: 32/37 MP: 5/5
  1414 | D:2      | Reached *** piety under Lugonu
  1486 | D:2      | Reached skill level 5 in Polearms
  1783 | D:3      | Noticed Terence
  1817 | D:3      | Reached XP level 5. HP: 42/42 MP: 6/6
  1826 | D:3      | Killed Terence
  1908 | D:3      | Noticed doot's ghost (amateur MfAK)
  1928 | D:3      | Banished doot's ghost
  1928 | D:3      | Reached skill level 1 in Crossbows
  2307 | D:3      | Reached XP level 6. HP: 45/49 MP: 7/7
  2466 | D:4      | Found Xyeloo's Antique Armour Shoppe.
  2522 | D:4      | Found a glowing drain.
  2540 | D:4      | Reached skill level 6 in Polearms
  2557 | Sewer    | Entered a sewer
  2890 | Sewer    | Reached **** piety under Lugonu
  3483 | D:4      | Found Keibinuw's Distillery.
  3537 | D:4      | Found Dinokaum's Gadget Shoppe.
  3619 | D:4      | Reached XP level 7. HP: 45/55 MP: 9/9
  3823 | D:4      | Reached skill level 7 in Polearms
  3823 | D:4      | Reached skill level 1 in Stealth
  3912 | D:4      | Found Gello's Weapon Shop.
  4312 | D:4      | Noticed Robin
  4343 | D:4      | Reached ***** piety under Lugonu
  4387 | D:4      | Killed Robin
  4818 | D:5      | Entered Level 5 of the Dungeon
  4819 | D:5      | Reached skill level 5 in Fighting
  4862 | D:5      | Reached skill level 5 in Dodging
  4862 | D:5      | Reached XP level 8. HP: 62/62 MP: 10/10
  4905 | D:5      | Found a blossoming altar of Fedhas.
  5111 | D:5      | Found a stormy altar of Qazlal.
  5111 | D:5      | Found a sparkling altar of Nemelex Xobeh.
  5113 | D:5      | Found an iron altar of Okawaru.
  5490 | D:6      | Found a staircase to the Ecumenical Temple.
  5499 | Temple   | Entered the Ecumenical Temple
  5579 | D:6      | Reached skill level 8 in Polearms
  5706 | D:6      | Found Joklul's Food Boutique.
  5755 | D:6      | Reached skill level 9 in Polearms
  5878 | D:6      | Found a sand-covered staircase.
  5896 | Ossuary  | Entered an ossuary
  6265 | Ossuary  | Reached XP level 9. HP: 68/69 MP: 12/12
  6683 | D:6      | Reached skill level 10 in Polearms
  7680 | D:7      | Identified 3 scrolls of acquirement
  7686 | D:7      | Found a shimmering altar of Xom.
  7728 | D:7      | Reached skill level 5 in Invocations
  7893 | D:7      | Reached skill level 11 in Polearms
  7920 | D:7      | Found an opulent altar of Gozag.
  8072 | D:7      | Found a glowing silver altar of Zin.
  8118 | D:7      | Found a white marble altar of Elyvilon.
  8383 | D:7      | Reached XP level 10. HP: 77/77 MP: 14/14
  8647 | D:7      | HP: 3/77 [goblin/spear (5)]
  9174 | D:8      | Found a snail-covered altar of Cheibriados.
  9196 | D:8      | Found an opulent altar of Gozag.
  9213 | D:8      | Found Leshroast's Assorted Antiques.
  9236 | D:8      | Bought a pair of gloves for 135 gold pieces
  9236 | D:8      | Bought a scorched bronze amulet for 150 gold pieces
  9241 | D:8      | Identified the amulet of Potrob {Inacc rF+} (You bought it in a shop on level 8 of the Dungeon)
  9261 | D:8      | Found a radiant altar of Vehumet.
  9276 | D:8      | Reached skill level 12 in Polearms
  9312 | D:8      | Found a staircase to the Lair.
  9387 | D:8      | Noticed Shinoi's ghost (novice MiFi)
  9814 | D:8      | Noticed a two-headed ogre
  9871 | D:8      | Killed a two-headed ogre
  9959 | D:8      | Noticed Joseph
  9976 | D:8      | Killed Joseph
 10575 | D:8      | Reached skill level 13 in Polearms
 10597 | D:8      | Gained mutation: You have a pair of small antennae on your head. [mutagenic meat]
 10598 | D:8      | Gained mutation: You have a pair of antennae on your head. [mutagenic meat]
 10849 | D:9      | Found a hide-covered altar of Uskayaw.
 10939 | D:9      | Got a scorched falchion
 10940 | D:9      | Identified the +4 falchion of the Pharaoh's Fist {drain, Str+6 SInv} (You found it on level 9 of the Dungeon)
 10945 | D:9      | Learned a level 2 spell: Blink
 11057 | D:9      | Found a burning altar of Makhleb.
 11072 | D:9      | Noticed Pikel
 11113 | D:9      | Killed Pikel
 11395 | D:9      | Noticed a gargoyle
 11418 | D:8      | Got a translucent copper amulet
 11419 | D:8      | Identified the amulet of Xetsal {Faith +Inv} (You acquired it on level 8 of the Dungeon)
 11433 | D:9      | Killed a gargoyle
 11433 | D:9      | Reached skill level 1 in Evocations
 11433 | D:9      | Reached XP level 11. HP: 62/84 MP: 13/15
 11704 | D:9      | Noticed a two-headed ogre
 11721 | D:9      | Killed a two-headed ogre
 11721 | D:9      | Reached skill level 14 in Polearms
 11833 | D:10     | Entered Level 10 of the Dungeon
 11966 | D:10     | Noticed a two-headed ogre
 12233 | D:10     | Got a faintly glowing scale mail
 12244 | D:10     | Identified the +9 scale mail of Sloth {Int+2} (You found it on level 10 of the Dungeon)
 12281 | D:10     | Reached ****** piety under Lugonu
 12595 | D:10     | Killed an unseen horror
 12732 | D:10     | Killed a two-headed ogre
 12732 | D:10     | Reached skill level 15 in Polearms
 13035 | D:10     | Noticed Sonja
 13041 | D:10     | Banished Sonja
 13639 | D:11     | Found a frozen archway.
 13702 | IceCv    | Entered an ice cave
 15022 | IceCv    | Corrupted IceCv
 15022 | IceCv    | Noticed a worldbinder
 15022 | IceCv    | Noticed a spatial maelstrom
 15022 | IceCv    | Noticed a cyan very ugly thing
 15022 | IceCv    | Noticed a thrashing horror
 15022 | IceCv    | Noticed a rakshasa
 15023 | IceCv    | Noticed a starcursed mass
 15027 | IceCv    | Noticed a mana viper
 15043 | IceCv    | Noticed a worldbinder
 15064 | IceCv    | Noticed a large abomination
 15104 | IceCv    | Noticed a tentacled starspawn
 15229 | IceCv    | Reached skill level 10 in Dodging
 15547 | IceCv    | Noticed a necromancer
 15551 | IceCv    | Killed a necromancer
 15572 | IceCv    | Got a bloodstained helmet
 15573 | IceCv    | Identified the +2 helmet of the Evening {rElec rC+ Int+3} (You found it in an ice cave)
 15778 | D:11     | Found a sacrificial altar of Ru.
 15789 | D:11     | Reached skill level 16 in Polearms
 15825 | D:11     | Noticed an eight-headed hydra
 16372 | D:10     | Reached XP level 12. HP: 92/92 MP: 17/17
 16491 | D:11     | Banished an eight-headed hydra
 17001 | D:11     | Reached skill level 5 in Crossbows
 17480 | D:11     | Noticed a two-headed ogre
 17490 | D:11     | Killed a two-headed ogre
 18069 | D:12     | Reached skill level 17 in Polearms
 18076 | D:12     | Found a bloodstained altar of Trog.
 18092 | D:12     | Found a staircase to the Orcish Mines.
 18212 | D:12     | Noticed a centaur warrior
 18236 | D:12     | Killed a centaur warrior
 18992 | Orc:1    | Entered Level 1 of the Orcish Mines
 19070 | Orc:1    | Found Wiyd Wiz's Gadget Emporium.
 19664 | Orc:2    | Entered Level 2 of the Orcish Mines
 19772 | Orc:2    | Reached skill level 18 in Polearms
 19790 | Orc:2    | Noticed a two-headed ogre
 19790 | Orc:2    | Noticed a two-headed ogre
 19791 | Orc:2    | Noticed a two-headed ogre
 19793 | Orc:2    | Reached skill level 5 in Evocations
 19798 | Orc:2    | Noticed a two-headed ogre
 19798 | Orc:2    | Noticed a two-headed ogre
 19799 | Orc:2    | Noticed a two-headed ogre
 19799 | Orc:2    | Noticed an ogre mage
 19810 | Orc:2    | Killed a two-headed ogre
 19810 | Orc:2    | Reached XP level 13. HP: 60/99 MP: 18/18
 19995 | Orc:2    | Reached skill level 5 in Stealth
 20468 | Orc:2    | Found Ynoc's Jewellery Shoppe.
 20468 | Orc:2    | Found Voaso's General Store.
 20468 | Orc:2    | Found Plog's Antique Armour Boutique.
 20468 | Orc:2    | Found Labbaat's Jewellery Emporium.
 20758 | Orc:1    | Reached skill level 19 in Polearms
 22319 | Orc:2    | Found a staircase to the Elven Halls.
 22882 | Orc:2    | Reached XP level 14. HP: 108/108 MP: 19/19
 23059 | Orc:1    | Reached skill level 20 in Polearms
 23331 | Lair:1   | Entered Level 1 of the Lair of Beasts
 23531 | Lair:1   | Noticed kalagan's ghost (novice KoSu)
 23582 | Lair:1   | Killed kalagan's ghost
 23729 | Lair:1   | Noticed Erica
 23751 | Lair:1   | Killed Erica
 24636 | Lair:2   | Identified the Grimoire of Summoning and Toxins
 25060 | Lair:2   | Found a staircase to the Swamp.
 25546 | Swamp:1  | Entered Level 1 of the Swamp
 25702 | Swamp:1  | Noticed a thorn hunter
 26103 | Swamp:1  | Reached skill level 10 in Fighting
 26453 | Swamp:1  | Banished a thorn hunter
 26927 | Swamp:2  | Reached skill level 5 in Armour
 28020 | Swamp:2  | Reached skill level 21 in Polearms
 28153 | Swamp:2  | Noticed a thorn hunter
 28183 | Swamp:2  | Killed a thorn hunter
 28183 | Swamp:2  | Reached XP level 15. HP: 61/117 MP: 20/20
 28574 | Swamp:3  | Noticed a thorn hunter
 28605 | Swamp:3  | Killed a thorn hunter
 30316 | Swamp:3  | Noticed Donald
 30316 | Swamp:3  | Noticed a thorn hunter
 31410 | Lair:3   | Found a labyrinth entrance.
 31419 | Lab      | Entered a labyrinth
 31832 | Lab      | Got a slimy chain mail
 31843 | Lab      | Identified the +2 chain mail "Rakhlung" {rCorr} (You took it off a minotaur in a labyrinth)
 31861 | Lab      | Got an ebony spear
 31862 | Lab      | Identified the +5 spear of Ganemoth {venom, Dex+2} (You found it in a labyrinth)
 31865 | Lab      | Got a diamond-studded chain mail
 31876 | Lab      | Identified the +0 chain mail of Unreason {rCorr Str-5 SInv} (You found it in a labyrinth)
 31895 | Lab      | Identified the +3 flail of the Pits of Slime {crush, rN+ MR+} (You found it in a labyrinth)
 33009 | Lair:4   | Noticed Nessos
 33037 | Lair:4   | Found a hole to the Spider Nest.
 33765 | Lair:4   | Got a slimy quarterstaff
 33766 | Lair:4   | Identified the +1 quarterstaff "Kuyromupn" {crush, Dex+4} (You found it on level 4 of the Lair of Beasts)
 33804 | Lair:4   | Banished Nessos
 34564 | Lair:5   | Found a staircase to the Slime Pits.
 34812 | Lair:5   | Found a dark tunnel.
 34822 | Volcano  | Entered a volcano
 35160 | Volcano  | Found a bloodstained altar of Trog.
 35196 | Volcano  | Reached skill level 22 in Polearms
 36214 | Lair:6   | Entered Level 6 of the Lair of Beasts
 36727 | Lair:5   | Reached XP level 16. HP: 71/126 MP: 22/22
 38017 | Lair:6   | Learned a level 3 spell: Ozocubu's Armour
 39555 | Spider:1 | Entered Level 1 of the Spider Nest
 40126 | Swamp:3  | Noticed Nikola
 41017 | Swamp:3  | Killed Nikola
 41025 | Swamp:3  | Reached skill level 15 in Dodging
 41379 | Swamp:4  | Entered Level 4 of the Swamp
 41422 | Swamp:4  | Reached skill level 23 in Polearms
 41484 | Swamp:3  | Corrupted Swamp:3
 41830 | Swamp:3  | Killed a thorn hunter
 42886 | Swamp:4  | Noticed a thorn hunter
 43179 | Swamp:4  | Killed a thorn hunter
 43491 | Swamp:4  | Corrupted Swamp:4
 43491 | Swamp:4  | Noticed a tentacled starspawn
 43560 | Swamp:4  | Killed Mara
 44878 | Swamp:3  | Banished Donald
 45056 | Swamp:4  | Noticed a thorn hunter
 45125 | Swamp:4  | Reached XP level 17. HP: 129/135 MP: 23/23
 45146 | Swamp:4  | HP: 10/202 [spriggan berserker/the +4 Vampire's Tooth {vamp} (15)]
 48555 | D:13     | Noticed Maurice
 48556 | D:13     | Killed Maurice
 48820 | D:13     | Found Ycwoir's Magic Scroll Shop.
 48839 | D:13     | Bought a scroll of enchant weapon for 90 gold pieces
 48839 | D:13     | Bought a scroll of enchant weapon for 90 gold pieces
 48839 | D:13     | Bought a scroll of enchant armour for 90 gold pieces
 48853 | D:13     | Found a gate to the Vaults.
 49033 | D:13     | Noticed Snorg
 49050 | D:13     | Killed Snorg
 49287 | D:13     | Found a radiant altar of Vehumet.
 49544 | D:14     | Found a snail-covered altar of Cheibriados.
 50025 | D:15     | Entered Level 15 of the Dungeon
 50482 | D:15     | Found a deep blue altar of Sif Muna.
 50482 | D:15     | Found a shimmering altar of Xom.
 50483 | D:15     | Found a shattered altar of Ashenzari.
 50792 | D:15     | Found a staircase to the Depths.
 51113 | D:15     | Paralysed by a vampire knight for 7 turns
 51117 | D:15     | Killed from afar by a vampire knight

Skill      XL: |  1  2  3  4  5  6  7  8  9 10 11 12 13 14 15 16 17 |
---------------+----------------------------------------------------+-----
Fighting       | 4 5 6 7 8 9 10 11 12 13 | 13.7
Polearms       | 4 5 6 7 9 11 13 16 18 19 21 22 23 | 23.9
Dodging        | 3 5 7 9 10 11 12 13 14 15 16 | 16.8
Armour         | 1 2 3 4 5 6 7 |  7.2
Crossbows      | 1 2 3 4 5 6 7 8 |  8.0
Invocations    | 3 4 5 6 7 8 |  8.7
Stealth        | 1 2 4 5 6 7 |  7.4
Evocations     | 1 3 5 6 7 8 |  8.2

Action                   |  1- 3 |  4- 6 |  7- 9 | 10-12 | 13-15 | 16-18 || total
-------------------------+-------+-------+-------+-------+-------+-------++-------
Melee: Spear             |    97 |   213 |   439 |       |       |   254 ||  1003
       Tailslap          |       |     2 |     1 |    17 |    64 |    35 ||   119
       Glaive            |       |       |    53 |   870 |  1395 |   997 ||  3315
 Fire: Arbalest          |     3 |    92 |   110 |    56 |   113 |   245 ||   619
Invok: Banish            |       |     1 |       |     9 |    17 |     6 ||    33
       Corrupt           |       |       |       |     1 |       |     2 ||     3
 Abil: Evoke Invisibilit |       |       |       |    10 |     9 |     1 ||    20
Evoke: Wand              |       |       |     8 |       |     2 |       ||    10
       Box of beasts     |       |       |       |       |       |     1 ||     1
  Use: Potion            |     1 |     4 |       |     3 |     1 |    10 ||    19
       Scroll            |       |     9 |     2 |    13 |    11 |    11 ||    46
 Stab: Sleeping          |     1 |     2 |     7 |     6 |    13 |     9 ||    38
       Distracted        |       |       |     1 |     4 |     4 |     3 ||    12
       Invisible         |       |       |       |    23 |    19 |     5 ||    47
       Confused          |       |       |       |       |       |     2 ||     2
  Eat: Chunk             |       |     8 |     7 |    21 |    29 |    11 ||    76
       Meat ration       |       |       |     3 |     2 |     2 |     1 ||     8
       Royal jelly       |       |       |       |     4 |     3 |     1 ||     8
       Fruit             |       |       |       |     2 |     2 |     2 ||     6
       Bread ration      |       |       |       |     1 |     3 |     7 ||    11
Armor: Leather armour    |    20 |    60 |    68 |    25 |       |       ||   173
       Skin              |       |     4 |       |       |       |       ||     4
       Scale mail        |       |       |       |   283 |   388 |       ||   671
       Ring mail         |       |       |       |       |    18 |   324 ||   342
Dodge: Dodged            |    40 |   181 |   226 |   602 |   983 |  1199 ||  3231
